 Dungeon Crawl Stone Soup version 0.30.0-5-g1a98f26d00 (webtiles) character file.

Game seed: 12052909649518128877

2012 Eitelfritz the Cleaver (level 9, 0/72 (75) HPs)
             Began as a Hill Orc Fighter on May 12, 2023.
             Was a Believer of Zin.
             Succumbed to a wight's poison
             ... on level 7 of the Dungeon.
             The game lasted 00:15:40 (5503 turns).

Eitelfritz the Cleaver (Hill Orc Fighter)           Turns: 5503, Time: 00:15:40

HP:   0/72 (75)     AC: 14    Str: 29    XL:     9   Next: 22%
MP:   10/10         EV: 12    Int:  8    God:    Zin [**....]
Gold: 279           SH:  5    Dex: 14    Spells: 8/8 levels left

rFire   + + +        a - +3 war axe (freeze)
rCold   + . .        c - +0 buckler
rNeg    . . .        y - +1 ring mail {rF+}
rPois   +            s - +0 helmet
rElec   +            C - +0 cloak {rCorr}
rCorr   +            q - +2 pair of gloves
SInv    .            v - +0 pair of boots
Will    .....        z - amulet "Muschealo" {Regen+ Dex+4}
Stlth   +            t - +6 ring of strength
HPRegen 1.12/turn    D - ring of protection from fire
MPRegen 0.12/turn

%: no passive effects
@: brilliant, lethally poisoned (0 -> -4), resistant, lightly drained
A: no striking features
a: Renounce Religion, Recite, Vitalisation, Donate Gold


You were on level 7 of the Dungeon.
You worshipped Zin.
Zin was pleased with you.
You visited 2 branches of the dungeon, and saw 8 of its levels.
You also visited: Sewer.

You collected 309 gold pieces.
You donated 30 gold pieces to Zin.

Inventory:

Hand Weapons
 a - a +3 war axe of freezing (weapon)
 i - a +2 flail of venom
Missiles
 b - 2 throwing nets
 f - 3 datura-tipped darts
 g - 2 silver javelins (quivered)
 j - 5 boomerangs
 l - 7 poisoned darts
 B - 3 javelins
Armour
 c - a +0 buckler (worn)
 q - a +2 pair of gloves (worn)
 s - a +0 helmet (worn)
 v - a +0 pair of boots (worn)
 y - a +1 ring mail of fire resistance (worn)
 C - a +0 cloak of preservation (worn)
Jewellery
 m - an amulet of magic regeneration
 t - a +6 ring of strength (left hand)
 z - the amulet "Muschealo" (around neck) {Regen+ Dex+4}
   (You found it on level 6 of the Dungeon)

   [amulet of regeneration]

   Dex:       It affects your dexterity (+4).
   Regen:     It increases your rate of health regeneration.
 D - a ring of protection from fire (right hand)
 F - an amulet of guardian spirit
Wands
 A - a wand of digging (6)
Scrolls
 h - a scroll of fog
 o - 3 scrolls of teleportation
 E - a scroll of silence {unknown}
Potions
 d - 3 potions of might
 e - a potion of lignification
 k - a potion of mutation
 n - 2 potions of flight
 p - a potion of invisibility
 r - 5 potions of attraction


   Skills:
 + Level 6.0 Fighting
 + Level 11.0 Axes
 + Level 6.2 Armour
 + Level 2.7 Dodging
 + Level 1.2 Stealth
 + Level 5.0 Shields
 * Level 2.1 Invocations


You had 8 spell levels left.
You didn't know any spells.
Your spell library contained the following spells:

 Spells                   Type           Power      Damage    Failure   Level
 Leda's Liquefaction      Hex/Erth       0%         N/A       100%        4
 Summon Ice Beast         Ice/Summ       0%         N/A       100%        4
 Lee's Rapid Deconstruct  Erth           0%         3d4*      100%        5
 Summon Mana Viper        Hex/Summ       0%         N/A       100%        5
 Statue Form              Tmut/Erth      0%         N/A       100%        6
 Monstrous Menagerie      Summ           0%         N/A       100%        7


Dungeon Overview and Level Annotations

Branches:
Dungeon (7/15)             Temple (1/1) D:7           Sewer (visited)

Altars:
Ashenzari
Cheibriados
Elyvilon
Fedhas
Gozag
Hepliaklqana
Makhleb
Nemelex Xobeh
Okawaru
Qazlal
Ru
Sif Muna
Trog
Uskayaw
Vehumet
Wu Jian
Xom
Yredelemnul
Zin
The Shining One


Message History

You feel drained.
It was a potion of heal wounds.
You feel much better.
You feel very sick. The wight misses you. You block the wight's attack.
You hit the wight.
The wight is moderately damaged.
You feel very sick. You block the wight's attack. x2
You barely miss the wight.
The wight is moderately damaged.
You feel very sick.
The wight hits you from afar with a +3 spear of venom.
* * * LOW HITPOINT WARNING * * *
You are more poisoned.
The wight hits you but does no damage.
It was a potion of brilliance.
You feel clever all of a sudden.
* * * LOW HITPOINT WARNING * * *
You feel very sick. The wight closely misses you. You block the wight's attack.
You slash the wight!
The wight is severely damaged.
* * * LOW HITPOINT WARNING * * *
You feel very sick. The wight misses you.
The wight hits you with a +0 short sword.
* * * LOW HITPOINT WARNING * * *
You slash the wight!
You destroy the wight!
Zin accepts your kill.
* * * LOW HITPOINT WARNING * * *
You feel very sick.
The wight hits you from afar with a +3 spear of venom!
Zin protects you from harm!
You feel drained. Zin protects you from harm!
Your Axes skill increases to level 11!
Your Shields skill increases to level 5!
Your Invocations skill increases to level 2!
You die...

####.........##
.....!.........#
................
#..............#
#..............#
#.....[.......#
#............#
#..z@).......#
##...†).....#
###......###
##..#### ###.#
#.# #.## ##.#
#.##


You could see a wight.

Vanquished Creatures
  2 water moccasins
  An orc warrior (D:6)
  An ice beast (D:7)
  2 black bears (D:6)
  Pargi (Sewer)
  An ogre (D:5)
  Blork the orc (D:5)
  5 scorpions
  4 wights (D:7)
  Crazy Yiuf (D:5)
  A gnoll bouda (D:5)
  A hound (D:6)
  4 orc priests
  2 jellies
  2 iguanas
  3 orc wizards
  8 adders
  10 gnolls
  A shadow imp (D:6)
  A white imp (D:6)
  2 ufetubi
  2 worms (D:1)
  A dart slug (D:3)
  20 orcs
  8 endoplasms
  7 giant cockroaches
  11 goblins
  13 hobgoblins
  A quokka (D:5)
  5 ball pythons
  4 bats
  5 frilled lizards (D:2)
  11 kobolds
  7 rats
149 creatures vanquished.

Notes
Turn   | Place    | Note
-------+----------+-------------------------------------------
     0 | D:1      | Eitelfritz the Hill Orc Fighter began the quest for the
                  | Orb.
     0 | D:1      | Reached XP level 1. HP: 19/19 MP: 1/1
   114 | D:1      | Reached skill level 3 in Axes
   116 | D:1      | Reached XP level 2. HP: 27/27 MP: 2/2
   469 | D:1      | Reached XP level 3. HP: 33/33 MP: 3/3
   873 | D:2      | Reached skill level 4 in Axes
   993 | D:2      | Reached XP level 4. HP: 40/40 MP: 4/4
  1042 | D:2      | Identified the +0 robe of the Lair of Beasts {Harm Rampage
                  | Drain SInv}
  1404 | D:3      | Reached skill level 5 in Axes
  1445 | D:3      | You fall into a shaft and drop 1 floor!
  1457 | D:4      | Found a shimmering altar of Xom.
  1457 | D:4      | Found a shimmering altar of Xom.
  1458 | D:4      | Found a shimmering altar of Xom.
  1458 | D:4      | Found a shimmering altar of Xom.
  1459 | D:4      | Found a shimmering altar of Xom.
  1931 | D:3      | Reached XP level 5. HP: 29/46 MP: 5/5
  2533 | D:4      | Reached skill level 6 in Axes
  2533 | D:4      | Reached XP level 6. HP: 36/53 MP: 6/6
  2788 | D:5      | Entered Level 5 of the Dungeon
  2792 | D:5      | Reached skill level 1 in Dodging
  2997 | D:5      | Reached skill level 7 in Axes
  2999 | D:5      | Reached XP level 7. HP: 46/60 MP: 7/7
  3278 | D:5      | Noticed Blork the orc
  3291 | D:5      | Killed Blork the orc
  3480 | D:5      | Reached skill level 8 in Axes
  3480 | D:5      | Reached skill level 5 in Armour
  3651 | D:5      | Found a runed translucent door.
  3652 | D:5      | Noticed Crazy Yiuf
  4031 | D:6      | Reached skill level 5 in Fighting
  4035 | D:6      | Reached XP level 8. HP: 43/68 MP: 8/8
  4147 | D:6      | Reached skill level 9 in Axes
  4178 | D:6      | Found a glowing drain.
  4187 | Sewer    | Entered a sewer
  4371 | Sewer    | Noticed Pargi
  4376 | Sewer    | Killed Pargi
  4377 | Sewer    | Reached skill level 1 in Stealth
  4457 | D:6      | Identified the amulet "Muschealo" {Regen+ Dex+4}
  4601 | D:6      | Reached skill level 10 in Axes
  4899 | D:5      | Killed Crazy Yiuf
  5070 | D:7      | Found a staircase to the Ecumenical Temple.
  5090 | D:7      | Found a sparkling altar of Nemelex Xobeh.
  5100 | Temple   | Entered the Ecumenical Temple
  5292 | Temple   | Became a worshipper of Zin the Law-Giver
  5292 | Temple   | Reached * piety under Zin
  5390 | D:7      | Reached skill level 1 in Invocations
  5390 | D:7      | Reached XP level 9. HP: 64/75 MP: 9/9
  5492 | D:7      | Reached ** piety under Zin
  5501 | D:7      | HP: 3/73 [wight/+0 short sword (5)]
  5502 | D:7      | HP: 1/73 [poisoned by a wight]
  5502 | D:7      | Zin protects you from harm!
  5502 | D:7      | Zin protects you from harm!
  5503 | D:7      | Reached skill level 11 in Axes
  5503 | D:7      | Reached skill level 5 in Shields
  5503 | D:7      | Succumbed to a wight's poison

Illustrated notes

Levels and vault maps discovered:
D:1:      psy_arrival_spokes, layout_loops_cross,
          amcnicky_mini_corridor_feature, nicolae_wormholes
D:2:      minmay_diamond_boxcup, layout_rooms, minmay_surrounded
D:3:      layout_basic, minmay_misc_feat_x
D:4:      layout_basic, xom_redecorated
D:5:      layout_rooms, uniq_blork_the_orc, uniq_crazy_yiuf_cottage
D:6:      layout_basic, portal_sewer_entry_d
D:7:      layout_cave_pods, lemuel_doored_altar,
          minmay_temple_entry_stoned_glass
Temple:   eino_narrow_crystal_temple

Skill      XL: |  1  2  3  4  5  6  7  8  9 |
---------------+----------------------------+-----
Axes           | 3 4 5 6 7 8 10 11 | 11.0
Fighting       | 4 5 6 |  6.0
Shields        | 4 5 |  5.0
Armour         | 4 5 6 |  6.2
Dodging        | 1 2 |  2.7
Stealth        | 1 |  1.2
Invocations    | 1 2 |  2.1

Action                     |  1- 3 |  4- 6 |  7- 9 || total
---------------------------+-------+-------+-------++-------
  Melee: War axe           |   105 |   153 |   147 ||   405
    Use: Scroll            |       |     9 |     8 ||    17
         Potion            |       |       |     3 ||     3
 Armour: Scale mail        |    52 |    67 |       ||   119
         Ring mail         |       |    23 |    67 ||    90
  Dodge: Dodged            |    47 |    62 |   100 ||   209
  Block: Buckler           |    27 |    39 |    44 ||   110
